Cogmind - Beta 16.1 @@@ ROGUE MODE // 2026.03.01 @ 18:03:22 Player: N.W.L. Result: Destroyed by P-60 Hacker with Shock Rifle Performance ------------- Evolutions (0) 0 Regions Visited (3) 600 Robots Destroyed (55) 275 Value Destroyed (1284) 1284 Prototype IDs (13) 260 Alien Tech Used (0) 0 Bonus (-112) -112 TOTAL SCORE: 2307 Bonus ------- Friendly Fire -112 Cogmind --------- Core Integrity 0/250 Matter 270/300 Energy 155/170 System Corruption 0% Temperature Warm (173) Movement Treading (560) Ox5 Location -9/Recycling Parts ------- > --- POWER (1) -------- Makeshift Power Source > --- PROPULSION (2) --- Light Treads Light Treads > --- UTILITY (2) ------ Humpback > --- WEAPON (2) ------- Subdweller Beam Cannon Subdweller Beam Cannon > --- INVENTORY (35) --- Meta Core Light Treads Compact Wheel Compact Wheel Compact Wheel Subdweller Monowheel Large Storage Unit High-capacity Storage Unit Makeshift Kinetic Plating Scrap Shield Makeshift System Shield Makeshift System Restoration Module Cobbler Unit Cobbler Unit Makeshift Laser Makeshift Shrapnel Gun Battle Cannon Battle Cannon Grenade Launcher Grenade Launcher Datajack Mining Laser Multitool Makeshift Sword Scrap Shield Fragment (45) Peak State ------------ > --- POWER ------------ Makeshift Power Source > --- PROPULSION ------- Light Treads Light Treads > --- UTILITY ---------- High-capacity Storage Unit Makeshift Kinetic Plating > --- WEAPON ----------- Subdweller Beam Cannon Battle Cannon > --- INVENTORY -------- Meta Core Light Treads Large Storage Unit Scrap Shield Scrap Shield Makeshift System Shield Makeshift System Restoration Module Cobbler Unit Makeshift Laser Makeshift Shrapnel Gun Battle Cannon Grenade Launcher Datajack Mining Laser Multitool Scrap Shield Fragment [Rating: 20] Favorites ----------- Power Makeshift Power Source Engine Makeshift Power Source Power Core Light Nuclear Core Propulsion Light Treads Treads Light Treads Wheel Compact Wheel Utility Light Armor Plating Device Seismic Detector Storage High-capacity Storage Unit Protection Light Armor Plating Weapon Subdweller Beam Cannon Energy Gun Medium Laser Energy Cannon Subdweller Beam Cannon Ballistic Gun Subdweller Machine Gun Ballistic Cannon Battle Cannon Launcher Grenade Launcher Special Weapon Mining Laser Slashing Weapon Makeshift Sword Build | -11 -10 -10 -9 ------- Run | Yrd Mat Sub Rec Slots Evolved . | . . . . Power . | . . . . Propulsion . | . . . . Utility . | . . . . Weapon . | . . . . Parts Attached 40 | 6 4 26 4 Power 5 | 2 . 3 . Engine 4 | 2 . 2 . Core 1 | . . 1 . Reactor . | . . . . Propulsion 6 | 2 . 2 2 Treads 4 | 2 . 2 . Leg . | . . . . Wheel 2 | . . . 2 Hover . | . . . . Flight . | . . . . Utility 9 | . 3 6 . Device 4 | . 1 3 . Storage 3 | . 2 1 . Processor . | . . . . Hackware . | . . . . Protection 2 | . . 2 . Artifact . | . . . . Weapon 20 | 2 1 15 2 Energy Gun 4 | 1 . 3 . Energy Cannon 3 | . . 2 1 Ballistic Gun 5 | 1 . 3 1 Ballistic Cannon 2 | . . 2 . Launcher 3 | . 1 2 . Special Weapon 2 | . . 2 . Impact Weapon . | . . . . Slashing Weapon 1 | . . 1 . Piercing Weapon . | . . . . Special Melee Weapon . | . . . . Unidentified Prototypes . | . . . . Parts Lost 7 | . . 7 . Power 1 | . . 1 . Propulsion 2 | . . 2 . Utility 2 | . . 2 . Weapon 2 | . . 2 . Highest Loss Streak 2 | . . 2 . To Critical Strikes . | . . . . Average Backups 15 | 1 10 15 22 Power . | . 1 . . Propulsion 1 | . 2 1 3 Utility 5 | . 1 5 8 Weapon 5 | . 4 5 8 Tool/Special . | . . . . Unused Backups 19 | . 1 7 11 Power . | . . . . Propulsion 5 | . 1 1 3 Utility 8 | . . 3 5 Weapon 4 | . . 3 1 Tool/Special 2 | . . . 2 Average Slot Usage (%) 94 | . 98 94 85 Engine 11 | . 14 11 14 Core 1 | . . 2 . Treads 27 | . 28 27 17 Device 2 | . 12 1 . Storage 13 | . 13 14 14 Protection 6 | . . 7 . Energy Gun 3 | . 13 2 . Energy Cannon 10 | . . 11 16 Ballistic Gun 2 | . 8 2 9 Ballistic Cannon 4 | . . 5 1 Launcher 1 | . 5 1 . Special Weapon 4 | . . 5 . Peak Build Rating 20 | 5 8 20 20 Average Rating 14 | 3 7 15 19 On Entrance 8 | . 5 8 20 Avg Prop Armor Cover (%) 11 | . . . 11 Naked Turns . | . . . . Heaviest Build 220 | 9 51 215 220 Greatest Support 40 | 40 40 40 40 Greatest Overweight (x) 13 | . 1 5 13 Average Overweight (x) 1 | . . 1 6 Largest Inventory Capacity 35 | 5 20 35 35 Average Capacity 23 | 5 17 23 35 Most Carried 28 | 4 13 25 28 Average Carried 18 | 1 10 18 26 Final Capacity 35 | 5 15 35 35 Final Carried 28 | 4 13 25 28 Class Distribution -------------------- 37% | Scavenger-Mutant 33% | Hauler-Mutant 27% | Mutant Dominant Class ---------------- Mutant | -10/Materials Scavenger-Mutant | -10/Subcaves Hauler-Mutant | -9/Recycling Resources | -11 -10 -10 -9 ----------- Run | Yrd Mat Sub Rec Matter Collected 1606 | 266 162 902 276 Remotely . | . . . . Salvage Created 2003 | 81 403 990 529 Parts 117 | 7 29 67 14 Haulers Intercepted 2 | . 2 . . Recyclers Shooed 4 | . 1 . 3 Parts Field Recycled . | . . . . Retrieved Matter . | . . . . Parts Self-Destructed 10 | . . 10 . Prevented . | . . . . Parts Restored . | . . . . Kills | -11 -10 -10 -9 ------- Run | Yrd Mat Sub Rec Combat Hostiles Destroyed 38 | . 15 22 1 Guns 9 | . 2 7 . Cannons 10 | . . 9 1 AOE 18 | . 12 6 . Classes Destroyed 12 | 2 6 4 . Worker 1 | . 1 . . Tunneler 2 | 2 . . . Hauler 2 | . 2 . . Recycler 9 | 1 1 . 7 Operator 1 | . 1 . . Watcher 2 | . 2 . . Swarmer 12 | . 12 . . Grunt 5 | . 3 2 . Sentry 2 | . . 1 1 Artisan 2 | . . 2 . Cobbler 1 | . . 1 . Subdweller 19 | . . 19 . Best Kill Streak 7 | 2 7 4 2 Combat Bots Only 5 | . 5 4 1 Max Kills in Single Turn 3 | 1 3 2 1 Gunslinging . | . . . . Exploded 2 | . 2 2 . Melee . | . . . . Uniques/NPCs Destroyed . | . . . . Combat | -11 -10 -10 -9 -------- Run | Yrd Mat Sub Rec Hostile Shots Fired 117 | . 40 74 3 Missed 30 | . 13 17 . Hits 87 | . 27 57 3 Projectile 87 | . 27 57 3 Critical Strikes 1 | . 1 . . Damage Taken 1487 | . 264 1176 47 Core 250 | . 42 176 32 Absorbed by Shields . | . . . . Ignored by Resistances 10 | . . 10 . Core Remaining (%) 100 | 100 . . . Volleys Fired 299 | 3 40 233 23 Largest 2 | 2 2 2 2 Hottest 180 | 70 70 180 160 Shots Fired 356 | 6 67 257 26 Gun 154 | 6 54 76 18 Cannon 60 | . . 52 8 Launcher 29 | . 13 16 . Special 113 | . . 113 . Kinetic 110 | 3 27 62 18 Thermal 217 | 3 27 179 8 Explosive 29 | . 13 16 . Electromagnetic . | . . . . Robot Hit Streak 19 | 1 10 19 12 Robot Miss Streak 3 | 2 3 3 3 Penetration Max . | . . . . Secondary Targets . | . . . . Shots Hit Robots 153 | 2 35 94 22 Core Hits 95 | 2 34 45 14 Critical Kills . | . . . . Critical Parts Destroyed . | . . . . Critical Strikes 5 | . 2 3 . Burn 3 | . 2 1 . Destroy 2 | . . 2 . Melee Attacks 1 | . . 1 . Impact . | . . . . Slashing 1 | . . 1 . Piercing . | . . . . Sneak Attacks . | . . . . Combat Hostiles . | . . . . Follow-up Attacks . | . . . . Damage Inflicted 4455 | 25 1216 2778 436 Guns 1911 | 25 423 1140 323 Cannons 710 | . . 597 113 Explosions 1829 | . 793 1036 . Melee . | . . . . Ramming 5 | . . 5 . Kinetic 1290 | . 214 753 323 Thermal 1331 | 25 209 984 113 Explosive 1829 | . 793 1036 . Electromagnetic . | . . . . Impact . | . . . . Slashing . | . . . . Piercing . | . . . . Highest Corruption . | . . . . Average Corruption . | . . . . Corruption Purged . | . . . . Corruption Blocked . | . . . . Overload Shots . | . . . . Overflow Damage 80 | . 63 17 . Projectiles . | . . . . Explosions 80 | . 63 17 . Melee . | . . . . Knockbacks . | . . . . Impact . | . . . . Kinetic . | . . . . Secondary . | . . . . Self-Inflicted Damage 44 | . 37 7 . Shots 3 | . 2 1 . Rammed 2 | 1 . 1 . Targets Rammed 3 | 2 . 1 . Kicked . | . . . . Crushed 1 | 1 . . . Highest Temperature 278 | 18 63 80 278 Average Temperature 35 | 9 18 20 130 Received Heat Transfer 279 | . 36 234 9 Siege Activations . | . . . . Martial Activations . | . . . . Shielding Activations . | . . . . Robots Disrupted . | . . . . Combat Hostiles . | . . . . Robots Corrupted . | . . . . Combat Hostiles . | . . . . Parts Fried . | . . . . Impact Corruptions . | . . . . Robots Melted 1 | . 1 . . Combat Hostiles 1 | . 1 . . Parts Melted 5 | . 1 4 . Heat Transferred 2593 | 74 777 1594 148 Parts Sabotaged . | . . . . Parts Stolen . | . . . . Parts Stripped . | . . . . Power Chain Reactions . | . . . . Alert | -11 -10 -10 -9 ------- Run | Yrd Mat Sub Rec Maximum Alert Level 1 | . 1 . . Low Security (%) 74 | 100 58 . 100 Level 1 25 | . 41 . . Level 2 . | . . . . Level 3 . | . . . . Level 4 . | . . . . Level 5 . | . . . . High Security . | . . . . Max Security . | . . . . Peak Influence 253 | 5 253 . 60 Initial 14 | . . . 14 Average 101 | . 157 . 20 Influence Increases 811 | 15 508 100 188 Destroy 0b10 Robot/C 380 | . 300 60 20 Destroy 0b10 Robot/NC 85 | 15 35 . 35 Destroy Leader 68 | . 58 10 . Successful Hack 25 | . 19 . 6 Select Force Hacks 120 | . . . 120 Disable Machine 15 | . 15 . . Destroy Structure 88 | . 81 . 7 Lose Combat Pursuer 30 | . . 30 . Influence Decreases 760 | 15 330 248 167 Entered New Map 102 | . . 86 16 Time Decay 638 | 15 330 142 151 Lost Part 20 | . . 20 . Squads Dispatched 1 | . 1 . . Investigation . | . . . . Extermination . | . . . . Reinforcement 1 | . 1 . . Assault . | . . . . Garrison . | . . . . Intercept . | . . . . Searches Triggered . | . . . . Construction Impeded . | . . . . Haulers Reinforced . | . . . . Active Scanning Responses . | . . . . Cargo Convoy Interrupts . | . . . . Stealth | -11 -10 -10 -9 --------- Run | Yrd Mat Sub Rec Distress Signals 2 | . 2 . . Communications Jammed . | . . . . Distress Signals . | . . . . Times Spotted 47 | . 19 26 2 Peak Tracking Total 6 | . 6 5 . Tactical Retreats 1 | . . 1 . Traps | -11 -10 -10 -9 ------- Run | Yrd Mat Sub Rec Traps Triggered 3 | . 2 1 . Indirectly . | . . . . Trap Hack Attempts . | . . . . Triggered . | . . . . Disarmed . | . . . . Reprogrammed . | . . . . Reused . | . . . . Traps Extracted . | . . . . Installed . | . . . . Triggered . | . . . . Machines | -11 -10 -10 -9 ---------- Run | Yrd Mat Sub Rec Machines Disabled 2 | . 1 1 . Max in Single Turn 1 | . 1 1 . Machines Repaired . | . . . . Machines Dismantled . | . . . . Machines Sabotaged . | . . . . Overloaded Fab Kills . | . . . . Hacking | -11 -10 -10 -9 --------- Run | Yrd Mat Sub Rec Machines Accessed 11 | . 5 2 4 Terminals 4 | . 4 . . Fabricators . | . . . . Repair Stations . | . . . . Recycling Units 5 | . 1 . 4 Scanalyzers . | . . . . Garrison Access . | . . . . Total Hacks 34 | . 13 9 12 Successful 22 | . 6 9 7 Failed 12 | . 7 . 5 Catastrophic 1 | . 1 . . Database Lockouts . | . . . . Manual 15 | . 7 . 8 Terminals 10 | . 10 . . Fabricators . | . . . . Repair Stations . | . . . . Recycling Units 15 | . 3 . 12 Scanalyzers . | . . . . Garrison Access . | . . . . Terminal Hacks 10 | . 1 9 . Record 8 | . . 8 . Robot Analysis 1 | . 1 . . Proto ID Catalog 1 | . . 1 . Fabricator Hacks . | . . . . Repair Station Hacks . | . . . . Recycling Unit Hacks 3 | . 1 . 2 Retrieve Components 3 | . 1 . 2 Scanalyzer . | . . . . Garrison Access Hacks . | . . . . Unauthorized Hacks 9 | . 4 . 5 Terminals 3 | . 3 . . Botnet 1 | . 1 . . Skim 2 | . 2 . . Fabricators . | . . . . Repair Stations . | . . . . Recycling Units 6 | . 1 . 5 Mask 2 | . 1 . 1 Tunnel 4 | . . . 4 Scanalyzers . | . . . . Garrison Access . | . . . . Data Cores Recovered . | . . . . Used . | . . . . Hacking Detections 5 | . 4 . 1 Full Trace Events . | . . . . Feedback Events . | . . . . Feedback Blocked . | . . . . Robot Schematics Acquired . | . . . . Robots Built . | . . . . Authchips . | . . . . Time . | . . . . Total Robot Build Rating . | . . . . Part Schematics Acquired . | . . . . Parts Built . | . . . . Authchips . | . . . . Time . | . . . . Total Part Build Rating . | . . . . Part Studies Acquired . | . . . . Parts Repaired . | . . . . Time . | . . . . Parts Recycled . | . . . . Recycled Matter . | . . . . Retrieved Matter . | . . . . Retrieved Components 7 | . 1 . 6 Parts Scanalyzed . | . . . . Part Schematics Acquired . | . . . . Parts Damaged . | . . . . Bothacking | -11 -10 -10 -9 ------------ Run | Yrd Mat Sub Rec Used RIF Installer . | . . . . Robots Hacked . | . . . . Non-combat . | . . . . Combat . | . . . . Robot Hacks Applied . | . . . . Relay Couplers Released . | . . . . Fabnet Peak Effective % . | . . . . Robots Rewired . | . . . . Allies Hacked . | . . . . Hacks Repelled . | . . . . Allies | -11 -10 -10 -9 -------- Run | Yrd Mat Sub Rec Total Allies . | . . . . Largest Group . | . . . . Highest-Rated Group . | . . . . Highest-Rated Ally . | . . . . Total Orders . | . . . . Ally Attacks . | . . . . Total Damage . | . . . . Kills . | . . . . Allies Corrupted . | . . . . Allies Melted . | . . . . Intel | -11 -10 -10 -9 ------- Run | Yrd Mat Sub Rec Active Infowar (turns) 1373 | . 742 631 . Optics 550 | . . 550 . Seismic 823 | . 742 81 . Robot Analysis Total 1 | . 1 . . Derelict Logs Recovered 3 | . . 3 . Drone Launches . | . . . . Drone Recoveries . | . . . . Exploration | -11 -10 -10 -9 ------------- Run | Yrd Mat Sub Rec Turns Passed 9842 | 123 795 8536 388 Spaces Moved 3178 | 72 310 2687 109 Core 14 | 14 . . . Treads 3084 | 58 310 2687 29 Legs . | . . . . Wheels 80 | . . . 80 Hover . | . . . . Flight . | . . . . Fastest Speed 50 | 50 160 160 190 Average Speed 264 | 138 200 274 295 Slowest Speed 560 | 160 240 560 560 Overloaded Moves . | . . . . Propulsion Burnouts . | . . . . Robots Hopped . | . . . . Potential Cave-ins . | . . . . Cave-ins Triggered . | . . . . Exploration Rate (%) 41 | 4 49 94 19 Regions Visited 3 Branch Regions 2 Pre-discovered Areas 8 | . . 4 4 Known Exits Taken . | . . . . Unknown Exits Taken 3 | 1 1 1 . Scrap Searched 6 | . . 6 . Spaces Dug 54 | . 18 34 2 Terrain Destroyed 220 | . 84 132 4 Melee 1 | . . 1 . Projectile 37 | . . 33 4 AOE 182 | . 84 98 . Terrain Rammed . | . . . . Walls Destroyed . | . . . . Machines Disabled . | . . . . Actions | -11 -10 -10 -9 --------- Run | Yrd Mat Sub Rec Total 4010 | 86 412 3366 146 Wait 347 | . 39 305 3 Move 3176 | 71 309 2687 109 Hop . | . . . . Pick Up 65 | 3 10 51 1 Fast Attach 20 | 6 5 7 2 Attach 8 | . 1 7 . Detach 8 | 1 . 5 2 Swap 51 | . 7 38 6 Drop 33 | . 1 32 . Fire 299 | 3 40 233 23 Melee 1 | . . 1 . Ram . | . . . . Kick . | . . . . Crush 2 | 2 . . . Escape Stasis . | . . . . Rewire . | . . . . Trap . | . . . . Miscellaneous . | . . . . Route ------- -11/Scrapyard -10/Materials (discovered 3 exits: [*Mat] / [*Min] / *Sub) -10/Subcaves (discovered 3 exits: [*Mat x2] / *Rec) -9/Recycling History --------- Turn | Location | Event 3 | -11/Scrapyard | Discovered new exit (range 15) 124 | -11/Scrapyard | Entered Materials 315 | -10/Materials | Build established: Mutant 376 | -10/Materials | Discovered new exit (range 15) 670 | -10/Materials | Discovered new exit (range 6) 683 | -10/Materials | Discovered new exit (range 13) 919 | -10/Materials | Entered Subcaves 920 | -10/Subcaves | Approached by a straggling Scientist 1157 | -10/Subcaves | Visited Clippyterm 1161 | -10/Subcaves | Learned location of Section 7 (-2) 1161 | -10/Subcaves | Learned Factory stockpile data 1338 | -10/Subcaves | Discovered new exit (range 9) 1349 | -10/Subcaves | Build established: Scavenger-Mutant 1362 | -10/Subcaves | A swath of the cavern ceiling suddenly collapsed 1859 | -10/Subcaves | Ambushed by Subdwellers from Twisted Machinery 1885 | -10/Subcaves | Core integrity fell below 50% 1920 | -10/Subcaves | Learned location of Zion (-7) 2111 | -10/Subcaves | Met a Zionite searching for "candidates" 2303 | -10/Subcaves | Shifting Twisted Machinery released Sub. Machine Gun 2444 | -10/Subcaves | Visited 4L-MR0's lab 2460 | -10/Subcaves | Found Meta Core 2748 | -10/Subcaves | Disturbed a concealed Subdweller 3318 | -10/Subcaves | Shifting Twisted Machinery released Mak. Power Source 3592 | -10/Subcaves | Learned Materials emergency access door positions 3614 | -10/Subcaves | Learned location of Storage (-9) 3632 | -10/Subcaves | Shifting Twisted Machinery released Mak. System Restoration Module 3659 | -10/Subcaves | Discovered new exit (range 5) 4188 | -10/Subcaves | Build established: Mutant 4460 | -10/Subcaves | Shifting Twisted Machinery released Battle Cannon 4789 | -10/Subcaves | A swath of the cavern ceiling suddenly collapsed 5250 | -10/Subcaves | Build established: Scavenger-Mutant 6346 | -10/Subcaves | Ambushed by Subdweller buried in earth 6352 | -10/Subcaves | Core integrity fell below 20% 6873 | -10/Subcaves | Build established: Hauler-Mutant 8464 | -10/Subcaves | Ambushed by Subdweller buried in earth 9447 | -10/Subcaves | Discovered new exit (range 3) 9455 | -10/Subcaves | Entered Recycling 9843 | -9/Recycling | Destroyed by P-60 Hacker with Shock Rifle Last Messages --------------- 09697_ R-06 Scavenger destroyed. 09699_ Acquired 36 matter. 09734_ R-06 Scavenger collects Tractor Beam. 09767_ Connecting with Recycling Unit... >>Retrieve(Components) Retrieving 4 components... Sml. Storage Unit Sml. Storage Unit Lgt. Ion Engine Lgt. Ion Engine >>Force(Tunnel) DISCOVERED[-9/Mines] 09786_ Connecting with Recycling Unit... >>Force(Tunnel) DISCOVERED[-3/Testing] 09828_ Connecting with Recycling Unit... >>Force(Tunnel) DISCOVERED[-9/Materials] 09840_ Destroyed Heat Sink. 09841_ Y-45 Defender springs to life. Map ----- +----------------------------------------------------+ | ????????????????????????????? | | ????????????????????????????? | | ????????????????????????????? | | ????????????????????????????? | | ????????????????????????????? | | ????????????????????????????? | | ????????????????????????????? | | ????????????????????????????? | | ????????????????????????????? | | ????????????????????????????? | | ???? ???????????????????????? | | ????u???????????????????????? | | ???? ???????????????????????? | | ???? ???????????????????????? | | ???? ???????????????????????? | | ???? ???????????????????????? | | ???? ???????????????????????? | | ???# #??????????????????????? | | ???# #??????????????????????? | | ???# #??????#########???????? | | ???# #????### ???????? | | ??## #????#"" """""???????? | | ???Y #????#"Y """""???????? | | ???; +????#"" """""?????### | | ???#p#????### """""#???? # | | ?###@#??????# """""#????# # | | ?#"" #??????# """""#????# # | | ?#"Y #??????# """""#????# # | | ?#"" #??????# #????# # | | ?### #??????#+###+######### # | | ???# #??????# | | ???# ######## * | | ???# *!! | | ???##############"Y"######### | | ????????????????#"""#???????? | | ????????????????#####???????? | | ????????????????????????????? | | | | | | | | | | | | | | | | | | | | | | | | | | | +----------------------------------------------------+ Best States ------------- Heat Dissipation 25 Energy Generation 15 Energy Capacity 250 Matter Stores 300 Matter Capacity 300 Sight Range 21 Terrain Scan Density 10 Armor Coverage 150 Resistance: KI 10 Evasion (%) 50 Recoil Reduction 2 Item Schematics ----------------- None Robot Schematics ------------------ None Fabricated ------------ Nothing Repaired ---------- Nothing Studied --------- None Alien Tech Used ----------------- None Achievements -------------- Art Critic Do Not Disturb Mistaken Identity Challenges ------------ None Game ------ Seed ShockboltAngularCutter Manual? 0 Play Time 00:39:10 Cumulative 589.7 hours Start 2026.02.27 @ 17:51:32 End 2026.03.01 @ 18:03:22 Sessions 3 Manual Loads 0 Difficulty Rogue Special Mode None Game No. 233 Rogue 233 Adventurer 0 Explorer 0 Win Type - Total 23 Types 10/2/7/1/0/0/0/2/0/1 Lore% 91 Gallery% 83 Achievement% 63 Wizard Run 0 Options --------- Layout 0 ASCII 0 Keyboard 1 Movement Numpad Keybinds 0 Fullscreen 2 Font 18/SmallcapsGlow Map View 76x50 Zoom Use 0% Tactical HUD 1 Map Filters NONE Filters NONE Steam 1 RUN: 6b92dd6b-d3c5-46a3-b1b2-0ed165501c4f